Map: Abyssal Reef LE

Players

llllllllllll

  • Race: Terran Terran
  • League: Grandmaster
  • Spawn Location: 11:00

TrashPanda - Winner!

  • Race: Terran Terran
  • League: Master
  • Spawn Location: 5:00

VOD

Have the link to the VOD?

Description

Time

  • Played on: Oct. 8, 2017, 6:33 a.m.
  • Length: 10:02
Show
View Real Time Build Order
Export as new Build Order

llllllllllll Terran 

Build Orders: 1/1/1, Cyclone Opening 

Get SALT Encoding   

  12  0:01  SCV  
  13  0:13  SCV  
  14  0:17  Supply Depot  
  14  0:25  SCV  
  15  0:30  Refinery  
  15  0:39  SCV  
  15  0:42  Refinery  
  16  0:47  Barracks  
  16  0:51  SCV  
  17  0:57  Refinery  
  17  1:03  SCV  
  18  1:15  SCV  
  19  1:35  Orbital Command, Factory  
  19  1:39  Reaper  
  20  1:50  Supply Depot  
  20  2:01  SCV  
  21  2:11  Reaper  
  21  2:13  SCV  
  23  2:18  Hellion  
  23  2:21  Starport  
  25  2:25  SCV  
  26  2:37  SCV  
  26  2:39  Cyclone  
  26  2:44  Barracks Tech Lab  
  30  2:49  Supply Depot  
  30  2:50  SCV  
  31  3:10  Raven, SCV  
  34  3:22  SCV  
  34  3:23  Cyclone  
  34  3:26  Supply Depot  
  38  3:35  SCV  
  39  3:44  Command Center  
  39  3:47  SCV  
  40  3:59  Raven  
  40  4:01  SCV  
  43  4:14  Command Center  
  43  4:17  Cyclone  
  43  4:20  SCV  
  47  4:25  Supply Depot  
  47  4:28  Barracks Reactor  
  47  4:47  SCV, Viking  
  50  4:57  Orbital Command  
  53  5:00  Cyclone  
  53  5:01  SCV  
  53  5:03  Refinery  
  53  5:15  SCV  
  53  5:17  Marine x2  
  53  5:19  Viking  
  58  5:27  SCV  
  59  5:33  SCV x2  
  61  5:37  Factory Tech Lab  
  61  5:38  Barracks  
  61  5:40  Barracks  
  58  5:53  SCV x2  
  61  6:05  Starport Reactor, SCV  
  61  6:07  Orbital Command  
  61  6:08  SCV  
  62  6:11  Marine  
  62  6:12  Stimpack  
  62  6:13  Siege Tank  
  62  6:15  Engineering Bay  
  62  6:16  Engineering Bay  
  62  6:17  SCV  
  62  6:18  Refinery  
  67  6:20  SCV  
  68  6:29  SCV  
  68  6:32  SCV x2  
  66  6:40  Barracks Reactor  
  66  6:41  SCV  
  66  6:43  Barracks  
  66  6:44  SCV  
  66  6:45  Barracks  
  69  6:47  SCV  
  69  6:49  Marine  
  69  6:51  Marine x2  
  72  6:55  SCV  
  72  7:04  SCV  
  72  7:07  Marine  
  69  7:09  Marine x2  
  69  7:11  Orbital Command  
  69  7:12  SCV  
  66  7:17  SCV  
  66  7:21  Marine x2  
  66  7:22  Medivac x2  
  73  7:23  Siege Tank  
  73  7:24  SCV  
  73  7:25  Marine  
  78  7:30  SCV  
  78  7:32  Marine x2  
  78  7:37  SCV  
  82  7:40  SCV  
  82  7:42  SCV  
  82  7:43  Barracks Reactor  
  84  7:46  Supply Depot x2  
  84  7:47  Supply Depot  
  84  7:49  SCV  
  85  8:00  Supply Depot  
  85  8:07  Marine x4  
  85  8:08  SCV, Marine  
  85  8:09  Barracks Reactor, Supply Depot  
  85  8:10  Medivac x2  
  85  8:12  Supply Depot  
  95  8:13  Siege Tank  
  95  8:18  SCV x2  
  100  8:20  SCV  
  100  8:25  Supply Depot, Marine x3  
  104  8:27  Marine x2  
  104  8:28  Marine x2  
  104  8:30  SCV x2  
  104  8:32  SCV  
  107  8:42  SCV x2  
  107  8:43  Marine x3  
  107  8:45  Marine x2, Medivac x2  
  117  8:50  Marine  
  117  8:51  Marine x2  
  120  8:56  Marine  
  120  8:57  Siege Tank  
  120  9:01  Marine  
  124  9:04  SCV  
  124  9:08  Marine x2  
  125  9:13  Marine x2  
  125  9:18  Marine x2  
  125  9:20  Marine x2  
  125  9:23  Marine  
  119  9:26  Marine  
  119  9:29  Marine  
  119  9:31  Marine x2  
  95  9:33  SCV  
  95  9:34  Engineering Bay, SCV  
  95  9:35  SCV  
  95  9:37  Engineering Bay, Marauder  
  101  9:42  Command Center  
  96  9:54  Barracks  
  96  9:55  Barracks Tech Lab  
Show
View Real Time Build Order
Export as new Build Order

TrashPanda Terran - Winner!

Build Orders: Cyclone Opening, Reaper Expand, Mech 

Get SALT Encoding   

  12  0:01  SCV  
  13  0:13  SCV  
  14  0:17  Supply Depot  
  14  0:25  SCV  
  15  0:28  Refinery  
  15  0:39  SCV  
  16  0:46  Barracks  
  16  0:51  SCV  
  17  1:03  SCV  
  18  1:15  SCV  
  19  1:32  Orbital Command  
  19  1:34  Reaper  
  20  1:48  Command Center  
  20  1:59  Factory  
  20  2:03  SCV  
  20  2:07  Reaper  
  22  2:16  SCV, Supply Depot  
  22  2:20  Refinery  
  23  2:38  SCV  
  23  2:41  Marine  
  25  2:45  Cyclone  
  25  2:50  SCV  
  29  2:59  Orbital Command  
  29  3:02  SCV  
  29  3:03  Starport  
  29  3:04  Marine  
  31  3:14  SCV  
  32  3:23  Cyclone, Marine  
  32  3:26  SCV  
  37  3:28  Engineering Bay  
  37  3:39  SCV x2  
  39  3:42  Supply Depot  
  39  3:43  Medivac  
  39  3:44  Marine  
  42  3:51  SCV  
  42  3:52  SCV  
  44  4:02  Marine  
  45  4:03  Cyclone  
  45  4:04  Supply Depot  
  45  4:06  Missile Turret  
  45  4:09  SCV x2  
  50  4:13  Viking  
  52  4:23  SCV  
  53  4:24  Missile Turret  
  53  4:36  SCV  
  53  4:37  SCV  
  55  4:39  Refinery  
  55  4:42  Command Center, Factory Tech Lab  
  55  4:43  Barracks Reactor  
  55  4:48  SCV  
  55  4:49  Starport Reactor  
  55  4:51  SCV  
  57  4:55  Supply Depot  
  57  5:01  Refinery, Siege Tank  
  60  5:11  SCV x2  
  62  5:24  Bunker  
  62  5:25  SCV x2  
  62  5:26  Viking x2  
  68  5:32  Supply Depot x2  
  68  5:35  Marine  
  68  5:36  Marine  
  70  6:03  SCV, Orbital Command  
  71  6:08  Siege Tank, Factory  
  71  6:10  Factory  
  74  6:20  Viking  
  74  6:21  Viking  
  78  6:29  Barracks Tech Lab  
  78  6:32  SCV x2  
  80  6:37  SCV  
  81  6:41  Siege Tank, Armory  
  81  6:43  Orbital Command  
  81  6:44  SCV x2  
  86  6:54  Supply Depot  
  86  6:56  SCV, Supply Depot  
  86  6:57  Viking x2  
  91  7:12  SCV x2  
  91  7:13  SCV  
  91  7:21  Hellion x2, Siege Tank x2  
  98  7:24  SCV x2  
  98  7:25  SCV  
  98  7:28  Refinery, Missile Turret  
  98  7:29  Supply Depot  
  101  7:32  Terran Vehicle Weapons Level 1  
  101  7:33  Refinery  
  101  7:34  Factory  
  101  7:36  SCV  
  102  7:38  SCV x2  
  102  7:40  Factory  
  104  7:46  Viking  
  104  7:49  SCV  
  104  7:50  Viking  
  109  7:55  SCV x2  
  111  7:59  Siege Tank  
  111  8:00  Hellion x2  
  111  8:01  Hellion, SCV  
  121  8:07  SCV x2, Supply Depot x2  
  121  8:08  Supply Depot  
  123  8:25  Hellion, Factory Tech Lab  
  123  8:26  Factory Reactor  
  125  8:28  Hellion, Siege Tank  
  125  8:29  Supply Depot  
  125  8:31  Supply Depot  
  130  8:57  Hellion, Siege Tank x2  
  130  8:58  Hellion  
  140  9:09  Hellion, Siege Tank  
  144  9:10  Hellion  
  141  9:17  Viking x2  
  141  9:19  Hellion x2  
  146  9:29  Hellion, Siege Tank  
  125  9:53  Command Center  
Tags
 
Add a new tag
Caveats
  • Supply blocks, unpowered buildings, or Contaminate may cause inaccurate times.
  • Supply counts are checked every 10 seconds.